Map: Dusk Towers

Players

lesha - Winner!

  • Race: Terran Terran
  • League: Silver

Deckz

  • Race: Zerg Zerg
  • League: Bronze

VOD

Have the link to the VOD?

Description

Time

  • Played on: Jan. 2, 2016, 9:36 p.m.
  • Length: 10:04
Show
View Real Time Build Order
Export as new Build Order

lesha Terran - Winner!

Build Orders: Reaper Expand 

Get SALT Encoding   

  12  0:01  SCV  
  13  0:14  SCV  
  14  0:23  Supply Depot  
  14  0:27  SCV  
  15  0:44  SCV  
  15  0:45  Barracks  
  16  0:52  Refinery  
  16  0:58  SCV  
  17  1:10  SCV  
  18  1:22  SCV  
  19  1:34  Orbital Command  
  19  1:36  Reaper  
  20  1:45  Command Center  
  20  2:00  SCV  
  21  2:02  Supply Depot  
  21  2:11  Barracks  
  21  2:15  SCV, Barracks Reactor  
  22  2:34  Factory  
  22  2:53  SCV  
  22  2:55  Marine x2  
  25  3:02  Refinery  
  25  3:05  SCV, Barracks  
  25  3:08  Barracks  
  25  3:09  Orbital Command  
  26  3:18  SCV  
  26  3:19  Barracks Tech Lab  
  27  3:22  Factory Tech Lab  
  27  3:23  Marine x2  
  29  3:30  SCV  
  31  3:42  SCV  
  31  3:43  Marine x2, Marauder  
  31  3:47  Widow Mine  
  37  3:51  SCV  
  37  3:54  SCV  
  39  3:59  Supply Depot  
  39  4:01  Barracks Reactor x2  
  39  4:03  SCV  
  40  4:16  Stimpack  
  40  4:19  Refinery x2  
  40  4:21  Marine x2  
  40  4:23  Marauder  
  44  4:26  SCV x2  
  46  4:38  SCV  
  46  4:39  SCV, Marine x4  
  46  4:40  Marine x2  
  54  4:52  Starport  
  54  5:12  Engineering Bay  
  54  5:26  SCV x2, Marine x5  
  61  5:29  Supply Depot  
  61  5:30  Supply Depot  
  61  5:38  SCV  
  62  5:43  Barracks Reactor  
  62  5:50  Medivac, Marine x5  
  62  5:51  SCV, Medivac  
  62  5:54  Supply Depot  
  62  5:55  Terran Infantry Weapons Level 1  
  72  6:02  Command Center  
  71  6:08  Marine x3  
  72  6:17  Siege Tank  
  75  6:22  Marine x3  
  75  6:23  Marine  
  75  6:25  SCV x2  
  81  6:33  Engineering Bay  
  81  6:36  Barracks  
  81  6:37  SCV x2, Marine x2  
  81  6:38  Barracks, Marine  
  86  6:48  Medivac x2  
  86  6:52  Supply Depot  
  86  6:54  Supply Depot, SCV x2  
  92  7:05  Marine x3  
  92  7:07  Marine x2  
  92  7:08  Marine  
  89  7:26  Orbital Command  
  89  7:27  Marine x2  
  89  7:28  Marine x4  
  95  7:31  Terran Infantry Armor Level 1  
  95  7:32  Barracks Reactor x2  
  95  7:33  Marine  
  99  7:37  Siege Tank  
  99  7:44  SCV x2  
  101  7:45  Marine x3  
  101  7:46  Marine  
  101  7:51  Medivac x2  
  107  7:54  SCV  
  107  7:56  SCV  
  111  8:08  Armory  
  111  8:09  Siege Tank  
  111  8:11  SCV x3  
  111  8:12  Marine x4  
  118  8:13  Marine x4  
  125  8:23  SCV  
  125  8:25  SCV x2  
  125  8:27  Marine x3  
  118  8:30  Marine  
  122  8:35  SCV  
  122  8:37  SCV x2  
  125  8:48  Marine x5  
  125  8:49  SCV, Marauder  
  125  8:52  Supply Depot  
  125  8:53  Supply Depot x2  
  133  8:55  Supply Depot  
  133  8:58  Marine  
  133  9:01  Marine x3  
  106  9:22  Marine x7  
  106  9:23  Marine x4  
  117  9:39  Marine  
  117  9:40  Marine x7  
  125  9:46  Marine  
Show
View Real Time Build Order
Export as new Build Order

Deckz Zerg 

Build Orders: Hatch First 

Get SALT Encoding   

  12  0:01  Drone  
  13  0:09  Drone  
  14  0:23  Extractor  
  14  0:26  Overlord  
  14  0:44  Hatchery  
  13  0:50  Drone x2  
  13  0:53  Drone  
  16  1:02  Drone  
  17  1:15  Spawning Pool  
  17  1:16  Drone  
  17  1:20  Extractor  
  16  1:26  Drone  
  17  1:35  Drone  
  18  1:46  Drone  
  19  1:56  Drone x2  
  21  2:05  Queen x2  
  25  2:15  Drone x2  
  27  2:25  Drone  
  27  2:27  Overlord  
  28  2:31  Extractor  
  27  2:37  Zergling x2  
  27  2:57  Roach Warren  
  27  2:58  Drone x5  
  29  3:04  Drone  
  32  3:09  Drone  
  33  3:17  Drone x3  
  33  3:18  Overlord  
  36  3:31  Extractor  
  36  3:33  Metabolic Boost  
  35  3:40  Evolution Chamber  
  34  3:42  Drone x5  
  34  3:43  Evolution Chamber  
  34  3:46  Queen  
  34  3:48  Queen  
  42  3:49  Overlord  
  42  4:02  Drone x2  
  44  4:05  Overlord x3  
  44  4:12  Roach, Zergling x4  
  44  4:16  Zerg Missile Weapons Level 1  
  48  4:38  Roach x3, Zergling x4  
  54  4:39  Roach x3  
  54  4:43  Lair  
  62  4:57  Drone x2, Extractor  
  62  4:58  Drone x2, Overlord  
  65  5:14  Zerg Ground Armor Level 1  
  65  5:18  Drone x3  
  65  5:19  Drone, Overlord  
  69  5:37  Roach x4, Zergling x2  
  69  5:38  Roach x3  
  69  5:39  Roach x2  
  88  5:48  Glial Reconstitution  
  83  6:08  Overseer  
  83  6:20  Zergling x4  
  83  6:21  Zergling x6  
  83  6:22  Roach x2  
  83  6:23  Overlord x3  
  92  6:48  Zerg Missile Weapons Level 2  
  92  6:55  Zergling x2  
  92  6:56  Roach x5, Zergling x2  
  104  7:02  Hatchery  
  95  7:14  Drone x2  
  95  7:15  Drone  
  98  7:16  Overlord  
  98  7:17  Overlord x2  
  98  7:33  Spore Crawler  
  97  7:46  Ravager  
  97  7:48  Zergling x2  
  97  7:49  Spore Crawler, Roach x3, Zergling x6  
  97  7:50  Roach  
  109  7:52  Ravager x4  
  109  7:53  Ravager  
  114  8:02  Hydralisk Den  
  113  8:06  Zergling x2  
  113  8:07  Overlord, Roach x4  
  119  8:32  Drone  
  119  8:33  Drone x10  
  130  8:36  Zergling x2  
  131  8:42  Zergling x2  
  131  8:43  Roach  
  59  9:18  Roach x2, Zergling x6  
  59  9:19  Roach x3, Zergling x4  
  59  9:23  Roach x2, Zergling x2  
Tags
 
Add a new tag
Caveats
  • Supply blocks, unpowered buildings, or Contaminate may cause inaccurate times.
  • Supply counts are checked every 10 seconds.